 Dungeon Crawl Stone Soup version 0.26-a0-931-g326f72de0d (webtiles) character file.

Game seed: 14692249006258191831

2178 reriks the Skirmisher (level 9, -9/69 HPs)
             Began as a Mummy Fighter on Nov 26, 2020.
             Was an Initiate of Cheibriados (penitent).
             Mangled by a two-headed ogre
             ... wielding a +0 giant club
              (13 damage)
             ... on level 9 of the Dungeon.
             The game lasted 00:13:35 (7771 turns).

reriks the Skirmisher (Mummy Fighter)               Turns: 7771, Time: 00:13:36

Health: -9/69      AC: 17    Str: 20    XL:     9   Next: 11%
Magic:  9/9        EV: 11    Int: 16    God:    Cheibriados [*]
Gold:   421        SH: 10    Dex: 11    Spells: 7/8 levels left

rFire    x . .     SeeInvis .   a - +0 war axe
rCold    + . .     Faith    .   c - +0 kite shield
rNeg     + + +     Spirit   .   l - +4 chain mail
rPois    ∞         Reflect  .   (no helmet)
rElec    .         Harm     .   q - +0 cloak
rCorr    .         Rampage  .   o - +0 pair of gloves
MR       +....                  k - +0 pair of boots (curse)
Stlth    ..........             e - amulet of regeneration
HPRegen  0.61/turn              f - +6 ring of intelligence
MPRegen  0.11/turn              m - +4 ring of evasion

@: slow
A: no potions, fire vulnerability, cold resistance 1, negative energy resistance
3, torment resistance, unbreathing
a: Renounce Religion


You were on level 9 of the Dungeon.
You worshipped Cheibriados.
Cheibriados was demanding penance.
You visited 2 branches of the dungeon, and saw 10 of its levels.

You collected 469 gold pieces.
You spent 48 gold pieces at shops.

Inventory:

Hand Weapons
 a - a +0 war axe (weapon)
Armour
 b - a +0 scale mail
 c - a +0 kite shield (worn)
 k - a cursed +0 pair of boots (worn)
 l - a +4 chain mail (worn)
 o - a +0 pair of gloves (worn)
 q - a +0 cloak (worn)
Jewellery
 e - an amulet of regeneration (around neck)
 f - a +6 ring of intelligence (left hand)
 g - an uncursed ring of resist corrosion
 m - a +4 ring of evasion (right hand)
Wands
 j - a wand of random effects (14) (quivered)
 n - a wand of digging (4)
 v - a wand of iceblast (5)
Scrolls
 d - 9 scrolls of remove curse
 h - 3 scrolls of fear
 i - 3 scrolls of identify
 p - 3 scrolls of enchant armour
 r - 2 scrolls of enchant weapon
 s - a scroll of blinking
 t - a scroll of magic mapping
 u - a scroll of teleportation


   Skills:
 + Level 6.1 Fighting
 + Level 4.7 Axes
 + Level 5.1 Armour
 + Level 4.3 Dodging
 + Level 5.1 Shields


You had 7 spell levels left.
You knew the following spells:

 Your Spells              Type           Power        Failure   Level
a - Magic Dart            Conj           #...         100%        1

Your spell library contained the following spells:

 Spells                   Type           Power        Failure   Level
 Sandblast                Erth           #.....       100%        1
 Blink                    Tloc           N/A          100%        2
 Call Imp                 Summ           #.......     100%        2
 Passwall                 Tmut/Erth      #.......     100%        2
 Searing Ray              Conj           #.....       100%        2
 Slow                     Hex            #.......     100%        2
 Conjure Flame            Conj/Fire      #.......     100%        3
 Dazzling Flash           Conj/Hex       #.....       100%        3
 Mephitic Cloud           Conj/Pois/Air  #.......     100%        3
 Stone Arrow              Conj/Erth      #.....       100%        3
 Fulminant Prism          Conj/Hex       #.........   100%        4
 Iskenderun's Mystic Bla  Conj/Tloc      #.......     100%        4
 Petrify                  Tmut/Erth      #.......     100%        4
 Lee's Rapid Deconstruct  Erth           #.........   100%        5


Dungeon Overview and Level Annotations

Branches:
Dungeon (9/15)             Temple (1/1) D:7
   Lair: D:8-11         Orc: D:9-12

Altars:
Ashenzari
Cheibriados
Dithmenos
Elyvilon
Fedhas
Gozag
Hepliaklqana
Makhleb
Nemelex Xobeh
Okawaru
Qazlal
Ru
Sif Muna
Trog
Uskayaw
Vehumet
Wu Jian
Xom
Yredelemnul
Zin
The Shining One

Shops:
D:8 *


Innate Abilities, Weirdness & Mutations

You do not drink.
Your flesh is vulnerable to fire.
You are immune to poison.
Your flesh is cold resistant. (rC+)
You are immune to negative energy. (rN+++)
You are immune to unholy pain and torment.
You can survive without breathing.


Message History

You hit the two-headed ogre but do no damage.
The two-headed ogre is moderately wounded.
The two-headed ogre closely misses you. You block the two-headed ogre's attack.
The two-headed ogre hits you with a +0 giant club!!
* * * LOW HITPOINT WARNING * * *
The two-headed ogre barely misses you.
You slash the two-headed ogre!
The two-headed ogre is heavily wounded.
The two-headed ogre barely misses you.
The two-headed ogre hits you with a cursed -2 giant spiked club!
* * * LOW HITPOINT WARNING * * *
You hit the two-headed ogre.
The two-headed ogre is heavily wounded.
You block the two-headed ogre's attack.
The two-headed ogre hits you but does no damage.
You hit the two-headed ogre but do no damage.
The two-headed ogre is heavily wounded.
You block the two-headed ogre's attack. x3
The two-headed ogre hits you with a cursed -2 giant spiked club!
You die...

#..# #..# #..# #..#
#..# #..# #..# #..#
#..# #..#####
#..###########.......
#.....<†.............
#..#########.O.......
#.@###### #..# #..#
..^# ..... #######


You could see a two-headed ogre (fast).

Vanquished Creatures
  4 orc warriors
  A necrophage (D:7)
  2 sky beasts
  An ogre (D:8)
  A phantom (D:5)
  2 centaurs
  A big kobold (D:7)
  2 bullfrogs
  2 scorpions
  3 howler monkeys
  A quasit (D:9)
  2 orc priests
  A hound (D:7)
  6 orc wizards
  2 iguanas (D:8)
  3 worker ants
  A hound zombie (D:7)
  4 gnolls
  13 adders
  A shadow imp (D:5)
  2 white imps
  2 ufetubi (D:5)
  An adder skeleton (D:5)
  8 worms
  3 dart slugs
  5 leopard geckos
  29 orcs
  8 giant cockroaches
  9 goblins
  11 hobgoblins
  8 jackals
  6 quokkas
  A ball python (D:3)
  A ball python zombie (D:5)
  13 bats
  3 frilled lizards
  13 kobolds
  8 rats
184 creatures vanquished.

Notes
Turn   | Place    | Note
-------+----------+-------------------------------------------
     0 | D:1      | reriks the Mummy Fighter began the quest for the Orb.
     0 | D:1      | Reached XP level 1. HP: 18/18 MP: 1/1
   164 | D:1      | Reached XP level 2. HP: 24/24 MP: 2/2
   979 | D:1      | Reached XP level 3. HP: 5/29 MP: 3/3
  1288 | D:2      | Reached skill level 1 in Dodging
  1784 | D:2      | Reached XP level 4. HP: 35/35 MP: 4/4
  2136 | D:2      | Found a hide-covered altar of Uskayaw.
  2194 | D:2      | Found an ornate altar of the Wu Jian Council.
  2871 | D:3      | Noticed a centaur
  2881 | D:2      | Reached XP level 5. HP: 26/42 MP: 5/5
  2950 | D:3      | Killed a centaur
  3162 | D:3      | Reached skill level 4 in Fighting
  3366 | D:3      | Found a hazy altar of Hepliaklqana.
  3371 | D:3      | Found a glowing golden altar of the Shining One.
  3392 | D:3      | Found a broken altar of Ashenzari.
  3572 | D:3      | Reached XP level 6. HP: 48/48 MP: 6/6
  3906 | D:4      | Found a white marble altar of Elyvilon.
  4321 | D:5      | Entered Level 5 of the Dungeon
  4393 | D:5      | Noticed a sky beast
  4408 | D:5      | Killed a sky beast
  4409 | D:5      | Reached XP level 7. HP: 48/55 MP: 7/7
  4436 | D:5      | Found a sparkling altar of Nemelex Xobeh.
  4956 | D:6      | Found a shadowy altar of Dithmenos.
  5522 | D:6      | Found a sacrificial altar of Ru.
  5584 | D:6      | Reached skill level 5 in Fighting
  5648 | D:7      | Reached XP level 8. HP: 62/62 MP: 8/8
  6085 | D:7      | Found a staircase to the Ecumenical Temple.
  6940 | D:7      | Reached skill level 6 in Fighting
  6947 | D:7      | Reached skill level 5 in Armour
  7056 | D:8      | Reached skill level 5 in Shields
  7144 | D:8      | Reached XP level 9. HP: 69/69 MP: 9/9
  7165 | D:8      | Found Ovuuru's Assorted Antiques.
  7177 | D:8      | Bought a scroll labelled GIXTUON UZEMI for 24 gold pieces
  7177 | D:8      | Bought a scroll labelled IBLEDI INAST for 24 gold pieces
  7457 | Temple   | Entered the Ecumenical Temple
  7507 | Temple   | Became a worshipper of Cheibriados the Contemplative
  7678 | D:9      | Learned a level 1 spell: Magic Dart
  7719 | D:9      | Noticed a two-headed ogre
  7763 | D:9      | Was placed under penance by Cheibriados
  7769 | D:9      | HP: 2/69 [two-headed ogre/+0 giant club (14)]
  7771 | D:9      | Mangled by a two-headed ogre

Illustrated notes

Levels and vault maps discovered:
D:1:      evilmike_arrival_hilbert_curve, layout_basic, minmay_liquid_box
D:2:      layout_basic, lemuel_coloured_pillars_altar,
          eat_drink_and_be_merry_uskayaw, grunt_decor_one_mirror,
          nicolae_underground_beach
D:3:      layout_basic, minmay_overflow_temple_star_quad
D:4:      minmay_angry_zag, layout_basic, elyvilon_altar_3,
          minmay_fractal_squares_gapless_5
D:5:      layout_cave_pools, nemelex_xobeh_ov_fountains_minmay
D:6:      layout_basic, general_overflow_altar, nicolae_ru_the_path_less_chosen
D:7:      layout_basic, minmay_temple_entry_offerings
D:8:      layout_rooms, serial_shops, nicolae_shop_trees
D:9:      layout_long_grid, lemuel_crystal_altar, lair_entry_dummy
Temple:   nicolae_temple_x_marks_the_god

Skill      XL: |  1  2  3  4  5  6  7  8 |
---------------+-------------------------+-----
Axes           | 2 3 4 |  4.7
Dodging        | 1 2 3 4 |  4.3
Armour         | 3 4 5 |  5.1
Shields        | 3 4 5 |  5.1
Fighting       | 4 5 6 |  6.1

Action                   |  1- 3 |  4- 6 |  7- 9 || total
-------------------------+-------+-------+-------++-------
Melee: War axe           |   155 |   249 |   477 ||   881
Evoke: Wand              |       |       |    25 ||    25
  Use: Scroll            |       |     1 |     6 ||     7
Armor: Scale mail        |    96 |    18 |       ||   114
       Chain mail        |       |    82 |   267 ||   349
Dodge: Dodged            |    69 |    88 |   237 ||   394
Block: Kite shield       |    94 |   116 |   316 ||   526

Table legend: (Time is in decaauts)
 A = Elapsed time spent in this place.
 B = Non-inter-level travel time spent in this place.
 C = Inter-level travel time spent in this place.
 D = Time resting spent in this place.
 E = Time spent auto-exploring this place.
 F = Levels seen in this place.
 G = Mean time per level.
                   A        B        C        D        E       F      G
               +--------+--------+--------+--------+--------+-----+--------+
         Total |   8206 |   7788 |    418 |   1105 |   4366 |  10 |  820.6 |
       Dungeon |   8146 |   7736 |    410 |   1105 |   4321 |   9 |  905.1 |
        Temple |     59 |     51 |      8 |      0 |     45 |   1 |   59.0 |
               +--------+--------+--------+--------+--------+-----+--------+

Top non-repeatable levels by time:
     D:2: 1650 daAuts
     D:7: 1362 daAuts
     D:1: 1276 daAuts
     D:3: 903 daAuts
     D:6: 722 daAuts
     D:5: 705 daAuts
     D:4: 674 daAuts
     D:8: 644 daAuts
     D:9: 206 daAuts
  Temple: 59 daAuts
